 Dungeon Crawl Stone Soup version 0.28.0-45-g0d030f2227 (webtiles) character file.

Game seed: 11974874647634861961

30 DemonSlayer the Firebug (level 3, -1/24 HPs)
             Began as a Demonspawn Fire Elementalist on Apr 3, 2022.
             Frozen to death by an endoplasm (3 damage)
             ... on level 2 of the Dungeon.
             The game lasted 00:01:49 (1175 turns).

DemonSlayer the Firebug (DsFE)                      Turns: 1175, Time: 00:01:51

Health: -1/24      AC:  2    Str:  8    XL:     3   Next: 5%
Magic:  3/6        EV: 12    Int: 18    God:
Gold:   27         SH:  0    Dex: 13    Spells: 5/6 levels left

rFire   . . .      SeeInvis .   f - +0 dagger
rCold   . . .      Faith    .   (no shield)
rNeg    . . .      Spirit   .   a - +0 robe
rPois   .          Reflect  .   (no helmet)
rElec   .          Harm     .   (no cloak)
rCorr   .          Rampage  .   (no gloves)
Will    .....                   (no boots)
Stlth   ++........              (no amulet)
HPRegen 0.08/turn               (no ring)
MPRegen 0.20/turn               (no ring)

@: flying, very slightly contaminated
A: ignite blood 1, magic regeneration
a: no special abilities


You were on level 2 of the Dungeon.
You visited 1 branch of the dungeon, and saw 2 of its levels.

You collected 27 gold pieces.

Inventory:

Hand Weapons
 f - a +0 dagger (weapon)
Armour
 a - a +0 robe (worn)
Scrolls
 c - a scroll of torment {unknown}
 e - a scroll of fog {unknown}
 g - a scroll of fear {unknown}
 h - a scroll of amnesia {unknown}
 i - a scroll of immolation {unknown}
Potions
 d - a potion of curing {unknown}
 j - a potion of attraction {unknown}
 k - a potion of resistance {unknown}


   Skills:
 + Level 2.0 Dodging
 + Level 1.9 Stealth
 + Level 2.3 Spellcasting
 + Level 1.2 Conjurations
 + Level 3.3 Fire Magic


You had 5 spell levels left.
You knew the following spells:

 Your Spells              Type           Power      Damage    Failure   Level
a - Foxfire               Conj/Fire      40%        2x1d6     7%          1

Your spell library contained the following spells:

 Spells                   Type           Power      Damage    Failure   Level
 Scorch                   Fire           28%        2d6       7%          2
 Conjure Flame            Conj/Fire      10%        6-21      21%         3
 Inner Flame              Hex/Fire       8%         N/A       26%         3
 Flame Wave               Conj/Fire      10%        2d5       56%         4


Dungeon Overview and Level Annotations

Branches:
Dungeon (2/15)

Altars:


Innate Abilities, Weirdness & Mutations

Your demonic aura sometimes causes spilled blood to erupt in flames.
You regenerate magic rapidly.


Message History

The adder is severely wounded.
The adder barely misses you. x2
You miss the adder.
The adder is severely wounded.
The adder bites you.
You are poisoned.
The adder poisons you!
You closely miss the adder.
The adder is severely wounded.
You feel sick. The adder misses you.
You miscast Foxfire.
You are very lightly contaminated with residual magic.
Nothing appears to happen.
You feel sick. The adder completely misses you. The adder closely misses you.
You conjure some foxfire!
You feel sick. The adder bites you. The endoplasm freezes you.
You are frozen.
You are too injured to fight recklessly!
You are too injured to fight recklessly!
You hit the adder.
The adder is almost dead.
You feel sick.
The foxfire hits the adder.
You kill the adder!
The endoplasm freezes you.
You are frozen.
* * * LOW HITPOINT WARNING * * *
Your Dodging skill increases to level 2!
You have reached level 3!
Your experience leads to an increase in your attributes!
Increase (S)trength, (I)ntelligence, or (D)exterity?
Uppercase letters only, please.
You feel clever. x2; Your demonic ancestry asserts itself...
Your blood heats up.
It was a potion of flight.
You feel very buoyant.
You fly up into the air.
You feel sick.
You are no longer poisoned.
The endoplasm freezes you.
You are frozen.
You die...

####.#
#..).##########
#.#............
#.#.##########.
#.#.# #.
##########.#.#
#.
..J§.......#.#
#.
#######J##.#.#
#. #@##.#.# #.
#.?..#.# #.
.##..#.# ## ..
...# #.. #.##
#.. #^ #.# #.


You could see an endoplasm.

Vanquished Creatures
  An adder (D:2)
  4 ball pythons (D:1)
  2 giant cockroaches (D:1)
  3 goblins (D:1)
  3 hobgoblins (D:1)
  2 bats (D:1)
  2 frilled lizards (D:1)
  2 kobolds (D:1)
  A rat (D:1)
20 creatures vanquished.

Vanquished Creatures (others)
  56 foxfires
56 creatures vanquished.

Grand Total: 76 creatures vanquished

Notes
Turn   | Place    | Note
-------+----------+-------------------------------------------
     0 | D:1      | DemonSlayer the Demonspawn Fire Elementalist began the
                  | quest for the Orb.
     0 | D:1      | Reached XP level 1. HP: 13/13 MP: 3/3
   306 | D:1      | Reached skill level 3 in Fire Magic
   306 | D:1      | Gained mutation: You regenerate magic rapidly. [demonic
                  | ancestry]
   306 | D:1      | Reached XP level 2. HP: 19/19 MP: 0/5
  1175 | D:2      | Gained mutation: Your demonic aura sometimes causes spilled
                  | blood to erupt in flames. [demonic ancestry]
  1175 | D:2      | Reached XP level 3. HP: 3/24 MP: 3/6
  1175 | D:2      | Frozen to death by an endoplasm

Illustrated notes

Levels and vault maps discovered:
D:1:      mrwooster_arrival_statue, layout_loops_cross
D:2:      layout_basic, hellmonk_ecumenical_altar_leap_of_faith,
          nicolae_elevator_lobby_plus

Skill      XL: |  1  2 |
---------------+-------+-----
Fire Magic     | 3 |  3.3
Dodging        | 2 |  2.0
Stealth        | |  1.9
Spellcasting   | |  2.3
Conjurations   | |  1.2

Action                   || total
-------------------------++-------
Melee: Unarmed           ||     3
       Dagger            ||    21
       Punch             ||     1
 Cast: Foxfire           ||    40
  Use: Potion            ||     1
 Stab: Sleeping          ||     3
Armor: Robe              ||     3
Dodge: Dodged            ||    25
